 Dungeon Crawl Stone Soup version 0.27-a0-951-gae3e1deef5 (webtiles) character file.

Game seed: 4394642576578459929

0 jasper the Sneak (level 1, -1/18 HPs)
             Began as a Demonspawn Delver on Apr 11, 2021.
             Slain by a bullfrog (3 damage)
             ... on level 4 of the Dungeon.
             The game lasted 00:00:53 (263 turns).

jasper the Sneak (Demonspawn Delver)                 Turns: 263, Time: 00:00:53

Health: -1/18      AC:  3    Str: 12    XL:     1   Next: 0%
Magic:  1/1        EV: 11    Int: 11    God:
Gold:   0          SH:  0    Dex: 14    Spells: 0/0 levels left

rFire    . . .     SeeInvis .     - Unarmed
rCold    . . .     Faith    .   (no shield)
rNeg     . . .     Spirit   .   a - +0 leather armour
rPois    .         Reflect  .   (no helmet)
rElec    .         Harm     .   (no cloak)
rCorr    .         Rampage  .   (no gloves)
Will     .....                  (no boots)
Stlth    +.........             (no amulet)
HPRegen  0.06/turn              (no ring)
MPRegen  0.07/turn              (no ring)

@: very slow
A: no striking features
a: no special abilities


You were on level 4 of the Dungeon.
You visited 1 branch of the dungeon, and saw 3 of its levels.

Inventory:

Armour
 a - a +0 leather armour (worn)
Wands
 f - a wand of digging (2)
Scrolls
 b - a scroll of fog
 c - a scroll of magic mapping


   Skills:
 - Level 3.0 Fighting
 - Level 1.7 Dodging
 - Level 4.5 Stealth
 + Level 1.7 Unarmed Combat


You couldn't memorise any spells.
You didn't know any spells.
Your spell library was empty.

Dungeon Overview and Level Annotations

Branches:
Dungeon (6/15)
 Temple: D:4-7

Altars:

Annotations:
D:4 Edmund
D:5 Sigmund


Message History

Found 10 bolts.
Health restored: 18
Okay, then.
Okay, then.
There is a stone staircase leading down here.
A bullfrog comes into view.
You enter the shallow water.
Moving in this stuff is going to be slow.
A kobold comes into view. It is wielding a +0 short sword.
You hear the slow hiss of a distant avalanche of sand.
The bullfrog croaks.
The kobold shouts!
The bullfrog closely misses you.
The bullfrog hits you but does no damage.
The bullfrog hits you.
You take 1 damage, and have 17/18 hp.
The bullfrog hits you.
The kobold throws a stone.
The stone hits you. The bullfrog barely misses you.
You take 4 damage, and have 13/18 hp.
MASSIVE DAMAGE!!
Your unstable footing causes you to fumble your attack.
The bullfrog misses you.
The bullfrog hits you but does no damage. x2
The kobold barely misses you. The bullfrog closely misses you.
The kobold hits you with a +0 short sword.
The bullfrog hits you.
The kobold splashes around in the water.
You take 4 damage, and have 9/18 hp.
MASSIVE DAMAGE!!
The bullfrog closely misses you.
The kobold throws a stone.
The stone barely misses you. The bullfrog closely misses you.
The kobold throws a stone.
The stone hits you.
You take 1 damage, and have 8/18 hp.
The bullfrog hits you.
* * * LOW HITPOINT WARNING * * *
The bullfrog barely misses you.
You take 3 damage, and have 5/18 hp.
The bullfrog misses you. The bullfrog hits you.
* * * LOW HITPOINT WARNING * * *
You take 3 damage, and have 2/18 hp.
The bullfrog hits you.
You die...

#.# #.. #.. .. ## ♣. .#
♣♣ ♣ ≈♣≈ ###
≈≈≈≈♣P♣≈♣♣♣≈#
≈≈≈≈≈≈≈@♣≈K≈♣#
≈≈≈≈≈≈≈≈F≈P≈≈♣♣##
≈≈≈≈≈≈≈≈≈@≈♣≈≈♣≈##
≈≈≈≈≈≈≈≈≈≈P♣≈≈≈♣P#
≈≈≈≈≈≈≈≈≈P≈≈≈♣≈≈♣#######
≈≈≈≈≈≈≈≈≈≈≈≈≈P≈♣♣.....(.
≈≈≈≈≈≈≈≈≈≈≈≈≈≈≈≈# ##
≈≈≈≈≈≈≈≈P≈≈≈≈≈P## ##.
≈≈≈≈P≈PPPPP≈≈.#######.#


You could see Edmund and a bullfrog.

Vanquished Creatures (others)
  6 plants (D:4)
6 creatures vanquished.

Notes
Turn   | Place    | Note
-------+----------+-------------------------------------------
     0 | D:5      | jasper the Demonspawn Delver began the quest for the Orb.
     0 | D:5      | Reached XP level 1. HP: 18/18 MP: 1/1
     1 | D:5      | Noticed an iguana
     5 | D:6      | Noticed an ogre
    42 | D:5      | Noticed a black bear
    44 | D:5      | Noticed a black bear
    66 | D:5      | Noticed Sigmund
    84 | D:5      | Noticed an ogre
   240 | D:4      | Noticed Edmund
   248 | D:4      | Noticed a bullfrog
   263 | D:4      | Slain by a bullfrog

Illustrated notes

Levels and vault maps discovered:
D:4:      layout_loops_ring, nicolae_ru_great_annihilating_truth,
          minmay_temple_entry_trees, serial_bayou, serial_bayou_pond_d,
          serial_bayou_shore_a, serial_bayou_pond_e, serial_bayou_lake_a,
          nicolae_ossuary_entry_false_entrances, uniq_edmund
D:5:      layout_basic, uniq_sigmund
D:6:      layout_rooms, general_overflow_altar, nicolae_sif_muna_condensation

Action                   || total
-------------------------++-------
Melee: Unarmed           ||     2
Evoke: Wand              ||     1
  Use: Scroll            ||     1
       Potion            ||     1
Armor: Leather armour    ||     4
Dodge: Dodged            ||    13

Table legend: (Time is in decaauts)
 A = Elapsed time spent in this place.
 B = Non-inter-level travel time spent in this place.
 C = Inter-level travel time spent in this place.
 D = Time resting spent in this place.
 E = Time spent auto-exploring this place.
 F = Levels seen in this place.
 G = Mean time per level.
                   A        B        C        D        E       F      G
               +--------+--------+--------+--------+--------+-----+--------+
         Total |    250 |    250 |      0 |    100 |     37 |   3 |   83.3 |
       Dungeon |    250 |    250 |      0 |    100 |     37 |   3 |   83.3 |
               +--------+--------+--------+--------+--------+-----+--------+

Top non-repeatable levels by time:
     D:4: 166 daAuts
     D:5: 81 daAuts
     D:6: 1 daAuts
